 Dungeon Crawl Stone Soup version 0.23.2-33-g5129a83184 (webtiles) character file.

Game seed: 18215860136746829531

70 Aesthetico the Sneak (level 4, -6/30 HPs)
             Began as a Human Enchanter on July 17, 2019.
             Mangled by Sigmund
             ... wielding a +0 scythe
              (11 damage)
             ... on level 2 of the Dungeon.
             The game lasted 00:05:09 (1874 turns).

Aesthetico the Sneak (Human Enchanter)              Turns: 1874, Time: 00:05:10

Health: -6/30      AC:  2    Str:  5 (8)  XL:     4   Next: 45%
Magic:  1/7        EV: 12    Int: 14 (16) God:
Gold:   95         SH:  0    Dex: 12 (14) Spells: 2/7 levels left

rFire    . . .     SeeInvis .   a - +1 dagger
rCold    . . .     Gourm    .   (no shield)
rNeg     . . .     Faith    .   b - +0 robe
rPois    .         Spirit   .   (no helmet)
rElec    .         Reflect  .   (no cloak)
rCorr    .         Harm     .   (no gloves)
MR       .....                  (no boots)
Stlth    +++.......             (no amulet)
HPRegen  0.10/turn              (no ring)
MPRegen  0.10/turn              (no ring)

@: very slightly contaminated
A: no striking features
a: no special abilities


You were on level 2 of the Dungeon.
You were hungry.

You visited 1 branch of the dungeon, and saw 2 of its levels.

You collected 95 gold pieces.

Inventory:

Hand Weapons
 a - a +1 dagger (weapon)
Armour
 b - a +0 robe (worn)
Wands
 i - a wand of random effects (10)
Scrolls
 c - 2 scrolls of remove curse {unknown}
 f - 4 scrolls of identify {unknown}
 j - a scroll of amnesia
Potions
 g - 2 potions of degeneration
Comestibles
 d - 5 rations


   Skills:
 - Level 1.0 Short Blades
 - Level 2.0 Dodging
 + Level 5.2 Stealth
 - Level 2.0 Spellcasting
 - Level 3.0 Hexes


You had 2 spell levels left.
You knew the following spells:

 Your Spells              Type           Power        Failure   Level  Hunger
b - Ensorcelled Hibernat  Hex/Ice        #.....       19%         2    ###....
c - Confuse               Hex            #.......     21%         3    ####...

Your spell library contained the following spells:

 Spells                   Type           Power        Failure   Level  Hunger
 Corona                   Hex            #......      7%          1    ##.....
 Tukima's Dance           Hex            #.......     21%         3    ####...
 Dazzling Spray           Conj/Hex       #.....       36%         3    ####...


Dungeon Overview and Level Annotations

Branches:
Dungeon (2/15)

Altars:
Trog

Annotations:
D:2 Sigmund


Message History

Sigmund misses you.
You hit Sigmund but do no damage.
Sigmund is severely wounded.
You barely miss Sigmund.
Sigmund is severely wounded.
Sigmund gestures at you while chanting. The puff of flame hits you!
* * * LOW HITPOINT WARNING * * *
You hit Sigmund but do no damage.
Sigmund is severely wounded.
Sigmund closely misses you.
Okay, then.
As you read the scroll labeled OSENUO IHESOYCIM, it crumbles to dust.
It is a scroll of amnesia.
Forget Corona, freeing 1 spell level for a total of 2?
Your memory of Corona unravels.
As you read the scroll labeled ETE NEAMUU, it crumbles to dust.
You feel aware of your surroundings.
You sensed 7 altars.
It was a scroll of magic mapping.
Sigmund hits you with a +0 scythe!
You die...

##....♣,*♣*,*....#...#..#
#....♣,**,*♣♣...##+##..#
#....♣,*,,,_♣♣..##......
##..♣♣*,***,*♣.^##......
#...♣♣♣,*,**♣..##......
#.....♣♣♣♣♣♣♣..*#......
*#.♣...♣....♣..##.#....
#.†...@....#*..#.##.##
###....@...#***#.#.##.#.
#..........# #.#.##.#.
#.########## #...##.#.
#.# ##..##.#. ##.##
##..##.#. #...##
#......#. ###.#.##
#...##.#. ##.##.#.##
#....#.#. ##.#.##.#.##
#......##


You could see Sigmund.

Vanquished Creatures
  3 adders (D:2)
  An ooze (D:2)
  2 leopard geckos
  6 bats
  3 giant cockroaches
  4 goblins
  3 hobgoblins
  2 jackals (D:1)
  6 kobolds (D:1)
  A frilled lizard (D:1)
  5 rats
36 creatures vanquished.

Notes
Turn   | Place    | Note
-------+----------+-------------------------------------------
     0 | D:1      | Aesthetico the Human Enchanter began the quest for the Orb.
     0 | D:1      | Reached XP level 1. HP: 13/13 MP: 3/3
   403 | D:1      | Reached XP level 2. HP: 19/19 MP: 5/5
   407 | D:1      | Learned a level 2 spell: Ensorcelled Hibernation
   579 | D:1      | Reached skill level 4 in Stealth
   673 | D:1      | Reached XP level 3. HP: 11/24 MP: 1/6
  1319 | D:2      | Learned a level 3 spell: Confuse
  1332 | D:2      | Found a bloodstained altar of Trog.
  1449 | D:2      | Reached XP level 4. HP: 26/30 MP: 7/7
  1458 | D:2      | Reached skill level 5 in Stealth
  1815 | D:2      | Noticed Sigmund
  1874 | D:2      | Mangled by Sigmund

Skill      XL: |  1  2  3  4 |
---------------+-------------+-----
Stealth        | 4 5 |  5.2
Short Blades   | |  1.0
Dodging        | |  2.0
Spellcasting   | |  2.0
Hexes          | |  3.0

Action                   |  1- 3 |  4- 6 || total
-------------------------+-------+-------++-------
Melee: Dagger            |   100 |    26 ||   126
 Cast: Ensorcelled Hiber |    10 |     5 ||    15
       Corona            |     1 |     1 ||     2
       Confuse           |     1 |     3 ||     4
  Use: Scroll            |       |     2 ||     2
       Potion            |       |     2 ||     2
 Stab: Sleeping          |    18 |     4 ||    22
       Confused          |       |     1 ||     1
  Eat: Chunk             |     3 |     1 ||     4
Armor: Robe              |    28 |     1 ||    29
       Skin              |       |    15 ||    15
Dodge: Dodged            |    68 |    19 ||    87
